BLB
LOS ANGELES DINOS @ DENVER BULLS
09/16/2059
 
TOP OF THE 1ST
Los Angeles Dinos batting - Pitching for Denver Bulls : RHP Dwan Tamarovsky
Pitching: RHP Dwan Tamarovsky
Batting: RHB Efren Zamora 0-0: Ball
1-0: SINGLE (Flyball, 4D, EV 88.1 MPH)
Batting: LHB Tris Chikumbu 0-0: Called Strike
Efren Zamora steals 2nd base
0-1: Foul Ball, location: 2F
0-2: Fly out, F9 (Flyball, 9S, EV 96.2 MPH)
Batting: RHB Andy Dillon 0-0: Called Strike
0-1: Ball
1-1: Ball
2-1: SINGLE (Groundball, 6MD, EV 101.2 MPH)
Efren Zamora to third
Runner from 3rd tries for Home, SAFE, throw by CF to home
Batting: LHB Sage Emerson 0-0: Ball
1-0: Ball
2-0: Foul Ball, location: 2F
2-1: Ball
3-1: Called Strike
3-2: Strikes out swinging
Batting: RHB Wyatt Steinauer 0-0: Called Strike
0-1: Ball
1-1: Foul Ball, location: 2F
1-2: Foul Ball, location: 2F
1-2: Ball
2-2: Foul Ball, location: 2F
2-2: Foul Ball, location: 2F
2-2: Strikes out swinging
Top of the 1st over - 1 run, 2 hits, 0 errors, 1 left on base; Los Angeles 1 - Denver 0
BOTTOM OF THE 1ST
Denver Bulls batting - Pitching for Los Angeles Dinos : RHP Conner Flowers
Pitching: RHP Conner Flowers
Batting: LHB Michael Hughes 0-0: Ball
1-0: Foul Ball, location: 2F
1-1: Ball
2-1: Fly out, F8 (Line Drive, 8RD, EV 93.8 MPH)
Batting: LHB Johnathan Wang 0-0: Ball
1-0: SOLO HOME RUN (Line Drive, 8RXD, EV 103.8 MPH), Distance : 420 ft
Batting: RHB James Wilson 0-0: Called Strike
0-1: Ball
1-1: Foul Ball, location: 2F
1-2: Strikes out swinging
Batting: RHB Dalton Brown 0-0: Foul Ball, location: 2F
0-1: Ball
1-1: Called Strike
1-2: Strikes out swinging
Bottom of the 1st over - 1 run, 1 hit, 0 errors, 0 left on base; Los Angeles 1 - Denver 1
TOP OF THE 2ND
Los Angeles Dinos batting - Pitching for Denver Bulls : RHP Dwan Tamarovsky
Batting: LHB Shawn Hickey 0-0: SINGLE (Line Drive, 89S, EV 86.2 MPH)
Batting: RHB Mason Dvorak 0-0: Called Strike
0-1: Ball
1-1: Ball
2-1: Ball
3-1: Called Strike
3-2: Strikes out swinging
Shawn Hickey is caught stealing 2nd base 2-4
Batter strikes out.
Batting: LHB Elmer Nelson 0-0: Called Strike
0-1: SINGLE (Popup, 6D, EV 46.2 MPH)
Batting: RHB Derick Murphy 0-0: Ball
1-0: Foul Ball, location: 2F
1-1: Foul Ball, location: 2F
1-2: Ball
2-2: Foul Ball, location: 2F
2-2: Strikes out looking
Top of the 2nd over - 0 runs, 2 hits, 0 errors, 1 left on base; Los Angeles 1 - Denver 1
BOTTOM OF THE 2ND
Denver Bulls batting - Pitching for Los Angeles Dinos : RHP Conner Flowers
Batting: SHB J.J. Evans 0-0: Ball
1-0: Ball
2-0: Foul Ball, location: 2F
2-1: Ball
3-1: SINGLE (Groundball, 6MD, EV 94.4 MPH)
Batting: RHB Kelvin Knox 0-0: Called Strike
0-1: Called Strike
0-2: Grounds into double play, 5-4-3 (Groundball, 56S, EV 88.1 MPH)
Batting: LHB Mandela Faruq 0-0: Called Strike
0-1: Called Strike
0-2: Ball
1-2: Foul Ball, location: 2F
1-2: Fly out, F9 (Flyball, 9, EV 89.4 MPH)
Bottom of the 2nd over - 0 runs, 1 hit, 0 errors, 0 left on base; Los Angeles 1 - Denver 1
TOP OF THE 3RD
Los Angeles Dinos batting - Pitching for Denver Bulls : RHP Dwan Tamarovsky
Batting: RHB Efren Zamora 0-0: Called Strike
0-1: Ball
1-1: Swinging Strike
1-2: Ball
2-2: Ball
3-2: Strikes out swinging
Batting: LHB Tris Chikumbu 0-0: Ball
1-0: Swinging Strike
1-1: SINGLE (Line Drive, 8LS, EV 107.5 MPH)
Batting: RHB Andy Dillon 0-0: Ball
1-0: Ball
2-0: Called Strike
2-1: Ball
3-1: Base on Balls
Tris Chikumbu to second
Batting: LHB Sage Emerson 0-0: Foul Ball, location: 2F
0-1: Foul Ball, location: 2F
0-2: Fly out, F9 (Flyball, 9, EV 95.6 MPH)
Batting: RHB Wyatt Steinauer 0-0: Ball
1-0: Foul Ball, location: 2F
1-1: Foul Ball, location: 2F
1-2: Foul Ball, location: 2F
1-2: Foul Ball, location: 2F
1-2: Strikes out swinging
Top of the 3rd over - 0 runs, 1 hit, 0 errors, 2 left on base; Los Angeles 1 - Denver 1
BOTTOM OF THE 3RD
Denver Bulls batting - Pitching for Los Angeles Dinos : RHP Conner Flowers
Batting: RHB Bert Thoma 0-0: Ground out 6-3 (Groundball, 6, EV 86.9 MPH)
Batting: SHB Sage Reinisch 0-0: SINGLE (Groundball, 6MD, EV 103.8 MPH)
Batting: LHB Michael Hughes 0-0: Ball
1-0: Swinging Strike
1-1: Called Strike
1-2: Ball
Sage Reinisch steals 2nd base
2-2: Strikes out looking
Batting: LHB Johnathan Wang 0-0: Swinging Strike
0-1: Ball
1-1: Foul Ball, location: 2F
1-2: Foul Ball, location: 2F
1-2: Strikes out swinging
Bottom of the 3rd over - 0 runs, 1 hit, 0 errors, 1 left on base; Los Angeles 1 - Denver 1
TOP OF THE 4TH
Los Angeles Dinos batting - Pitching for Denver Bulls : RHP Dwan Tamarovsky
Batting: LHB Shawn Hickey 0-0: Called Strike
0-1: Ball
1-1: Swinging Strike
1-2: Foul Ball, location: 2F
1-2: Strikes out swinging
Batting: RHB Mason Dvorak 0-0: Swinging Strike
0-1: Called Strike
0-2: Foul Ball, location: 2F
0-2: Ball
1-2: Ball
2-2: Foul Ball, location: 2F
2-2: Ball
3-2: Base on Balls
Batting: LHB Elmer Nelson 0-0: Foul Ball, location: 2F
0-1: Foul Ball, location: 2F
0-2: Foul Ball, location: 2F
0-2: Strikes out swinging
Batting: RHB Derick Murphy 0-0: Ground out 5-3 (Groundball, 56S, EV 71.2 MPH)
Top of the 4th over - 0 runs, 0 hits, 0 errors, 1 left on base; Los Angeles 1 - Denver 1
BOTTOM OF THE 4TH
Denver Bulls batting - Pitching for Los Angeles Dinos : RHP Conner Flowers
Batting: RHB James Wilson 0-0: Ball
1-0: Fly out, F7 (Flyball, 7LD, EV 91.9 MPH)
Batting: RHB Dalton Brown 0-0: Foul Ball, location: 2F
0-1: Ball
1-1: Called Strike
1-2: DOUBLE (Line Drive, 8RXD, EV 105.0 MPH)
Batting: SHB J.J. Evans 0-0: Ball
1-0: Ball
2-0: Called Strike
2-1: Foul Ball, location: 2F
2-2: Ground out 4-3 (Groundball, 4, EV 83.8 MPH)
Dalton Brown to third
Batting: RHB Kelvin Knox 0-0: Ball
1-0: Swinging Strike
1-1: Called Strike
1-2: Fly out, F8 (Flyball, 8RM, EV 95.6 MPH)
Bottom of the 4th over - 0 runs, 1 hit, 0 errors, 1 left on base; Los Angeles 1 - Denver 1
TOP OF THE 5TH
Los Angeles Dinos batting - Pitching for Denver Bulls : RHP Dwan Tamarovsky
Batting: RHB Efren Zamora 0-0: Called Strike
0-1: Swinging Strike
0-2: Strikes out swinging
Batting: LHB Tris Chikumbu 0-0: Ball
1-0: SINGLE (Groundball, 4MD, EV 111.9 MPH)
Batting: RHB Andy Dillon 0-0: Swinging Strike
0-1: Fly out, F8 (Flyball, 8LD, EV 95.0 MPH)
Batting: LHB Sage Emerson 0-0: Ball
1-0: 2-RUN HOME RUN (Flyball, 89XD, EV 107.5 MPH), Distance : 434 ft
Batting: RHB Wyatt Steinauer 0-0: Ball
1-0: Ball
2-0: Called Strike
2-1: Foul Ball, location: 2F
2-2: Foul Ball, location: 2F
2-2: Ground out 6-3 (Groundball, 6, EV 103.1 MPH)
Top of the 5th over - 2 runs, 2 hits, 0 errors, 0 left on base; Los Angeles 3 - Denver 1
BOTTOM OF THE 5TH
Denver Bulls batting - Pitching for Los Angeles Dinos : RHP Conner Flowers
Batting: LHB Mandela Faruq 0-0: Foul Ball, location: 2F
0-1: Ground out U3 (Groundball, 34, EV 84.4 MPH)
Batting: RHB Bert Thoma 0-0: Called Strike
0-1: Ground out 2-3 (Groundball, 2L, EV 71.9 MPH)
Batting: SHB Sage Reinisch 0-0: Ball
1-0: Fly out, F7 (Line Drive, 7S, EV 104.4 MPH)
Bottom of the 5th over - 0 runs, 0 hits, 0 errors, 0 left on base; Los Angeles 3 - Denver 1
TOP OF THE 6TH
Los Angeles Dinos batting - Pitching for Denver Bulls : RHP Dwan Tamarovsky
Batting: LHB Shawn Hickey 0-0: Ball
1-0: Ball
2-0: Ground out 6-3 (Groundball, 6, EV 83.8 MPH)
Batting: RHB Mason Dvorak 0-0: Called Strike
0-1: Ball
1-1: Foul Ball, location: 2F
1-2: Ground out 1-3 (Groundball, 25, EV 65.6 MPH)
Batting: LHB Elmer Nelson 0-0: Ball
1-0: Ball
2-0: Fly out, F8 (Flyball, 8LD, EV 100.6 MPH)
Top of the 6th over - 0 runs, 0 hits, 0 errors, 0 left on base; Los Angeles 3 - Denver 1
BOTTOM OF THE 6TH
Denver Bulls batting - Pitching for Los Angeles Dinos : RHP Conner Flowers
Batting: LHB Michael Hughes 0-0: SINGLE (Line Drive, 8RS, EV 101.2 MPH)
Batting: LHB Johnathan Wang 0-0: Ball
1-0: Fielders Choice at 2nd, 6-4 (Groundball, 6, EV 100.0 MPH)
Batting: RHB James Wilson 0-0: Ball
Johnathan Wang steals 2nd base
1-0: Called Strike
1-1: Called Strike
1-2: Strikes out swinging
Batting: RHB Dalton Brown 0-0: Ball
1-0: Fly out, F9 (Line Drive, 9S, EV 103.8 MPH)
Bottom of the 6th over - 0 runs, 1 hit, 0 errors, 1 left on base; Los Angeles 3 - Denver 1
TOP OF THE 7TH
Los Angeles Dinos batting - Pitching for Denver Bulls : RHP Dwan Tamarovsky
Batting: RHB Derick Murphy 0-0: Ball
1-0: Ball
2-0: Ball
3-0: Called Strike
3-1: Base on Balls
Batting: RHB Efren Zamora 0-0: Sac Bunt to P - play at second, runner OUT! 1-6
Batting: LHB Tris Chikumbu 0-0: Ball
1-0: Foul Ball, location: 2F
1-1: Ball
2-1: Foul Ball, location: 2F
2-2: Ball
3-2: Foul Ball, location: 2F
3-2: Fly out, F8 (Flyball, 8RS, EV 78.8 MPH)
Pitching: RHP Devin White
Batting: RHB Andy Dillon 0-0: Called Strike
0-1: Ball
1-1: Ball
2-1: Foul Ball, location: 2F
2-2: Ball
3-2: Fly out, F5 (Popup, 56S, EV 83.8 MPH)
Top of the 7th over - 0 runs, 0 hits, 0 errors, 1 left on base; Los Angeles 3 - Denver 1
BOTTOM OF THE 7TH
Denver Bulls batting - Pitching for Los Angeles Dinos : RHP Conner Flowers
Batting: SHB J.J. Evans 0-0: Foul Ball, location: 2F
0-1: Foul Ball, location: 2F
0-2: Ball
1-2: SINGLE (Groundball, 56D, EV 97.5 MPH)
Batting: RHB Kelvin Knox 0-0: Fly out, F8 (Flyball, 78M, EV 88.8 MPH)
Batting: LHB Mandela Faruq 0-0: Ball
1-0: Fielders Choice at 2nd, 3-6 (Groundball, 3, EV 110.0 MPH)
Batting: RHB Bert Thoma 0-0: Ball
1-0: Called Strike
1-1: TRIPLE (Flyball, 89XD, EV 99.4 MPH)
Mandela Faruq scores
Batting: SHB Sage Reinisch 0-0: Called Strike
0-1: Ball
1-1: Ball
2-1: Ball
3-1: Base on Balls
Pitching: RHP Zane Pagano
Batting: LHB Michael Hughes 0-0: Ball
1-0: SINGLE (Line Drive, 9LS, EV 104.4 MPH)
Bert Thoma scores
Sage Reinisch to second
Runner from 2nd tries for 3rd, OUT! 9-5
Bottom of the 7th over - 2 runs, 3 hits, 0 errors, 1 left on base; Los Angeles 3 - Denver 3
TOP OF THE 8TH
Los Angeles Dinos batting - Pitching for Denver Bulls : RHP Devin White
Batting: LHB Sage Emerson 0-0: Called Strike
0-1: Foul Ball, location: 2F
0-2: Foul Ball, location: 2F
0-2: Ball
1-2: SINGLE (Groundball, 4MS, EV 73.8 MPH) (infield hit)
Batting: RHB Wyatt Steinauer 0-0: Ball
1-0: Called Strike
1-1: Swinging Strike
1-2: Strikes out swinging
Batting: LHB Shawn Hickey 0-0: Ball
1-0: Called Strike
1-1: Swinging Strike
1-2: Strikes out swinging
Batting: RHB Mason Dvorak 0-0: Ball
1-0: Swinging Strike
1-1: Foul Ball, location: 2F
1-2: Ball
2-2: Ball
3-2: SINGLE (Groundball, 56D, EV 107.5 MPH)
Sage Emerson to second
Sage Emerson to third
Batting: LHB Elmer Nelson 0-0: Ball
1-0: Called Strike
Mason Dvorak steals 2nd base
1-1: Ball
2-1: Foul Ball, location: 2F
2-2: Ball
3-2: Strikes out swinging
Top of the 8th over - 0 runs, 2 hits, 0 errors, 2 left on base; Los Angeles 3 - Denver 3
BOTTOM OF THE 8TH
Denver Bulls batting - Pitching for Los Angeles Dinos : RHP Zane Pagano
Pitching: RHP Tod Steffen
Batting: LHB Johnathan Wang 0-0: Called Strike
0-1: Ball
1-1: Foul Ball, location: 2F
1-2: DOUBLE (Line Drive, 78M, EV 87.5 MPH)
Batting: RHB James Wilson 0-0: Ball
1-0: Swinging Strike
1-1: Ground out 5-3 (Groundball, 56S, EV 81.9 MPH)
Batting: RHB Dalton Brown 0-0: Ball
1-0: Fly out, F9 (Line Drive, 9S, EV 90.6 MPH)
Batting: SHB J.J. Evans 0-0: Ball
1-0: SINGLE (Line Drive, 6MD, EV 98.8 MPH)
Johnathan Wang to third
Runner from 3rd tries for Home, throw by CF and OUT! 8-2
Bottom of the 8th over - 0 runs, 2 hits, 0 errors, 1 left on base; Los Angeles 3 - Denver 3
TOP OF THE 9TH
Los Angeles Dinos batting - Pitching for Denver Bulls : RHP Devin White
Pinch Hitting: LHB Marco Husted 0-0: Called Strike
0-1: Ball
1-1: Ball
2-1: Called Strike
2-2: Ball
3-2: Ground out U3 (Groundball, 3L, EV 102.5 MPH)
Batting: RHB Efren Zamora 0-0: SINGLE (Line Drive, 4M, EV 94.4 MPH)
Batting: LHB Tris Chikumbu 0-0: Ball
Efren Zamora steals 2nd base (no throw)
1-0: Swinging Strike
1-1: Ball
2-1: Fly out, F8 (Flyball, 8RS, EV 86.9 MPH)
Batting: RHB Andy Dillon 0-0: Called Strike
0-1: Called Strike
0-2: Foul Ball, location: 2F
0-2: Foul Ball, location: 2F
0-2: Ball
1-2: Ball
2-2: Ground out 5-3 (Groundball, 15, EV 78.1 MPH)
Top of the 9th over - 0 runs, 1 hit, 0 errors, 1 left on base; Los Angeles 3 - Denver 3
BOTTOM OF THE 9TH
Denver Bulls batting - Pitching for Los Angeles Dinos : RHP Tod Steffen
Now at SS: Cody Mancini
Batting: RHB Kelvin Knox 0-0: Foul Ball, location: 2F
0-1: Swinging Strike
0-2: Strikes out looking
Batting: LHB Mandela Faruq 0-0: Ground out 4-3 (Groundball, 4D, EV 90.6 MPH)
Pinch Hitting: RHB Chasson Egan 0-0: Foul Ball, location: 2F
0-1: Ball
1-1: Ball
2-1: Swinging Strike
2-2: Foul Ball, location: 2F
2-2: Strikes out looking
Bottom of the 9th over - 0 runs, 0 hits, 0 errors, 0 left on base; Los Angeles 3 - Denver 3
TOP OF THE 10TH
Los Angeles Dinos batting - Pitching for Denver Bulls : RHP Devin White
Pitching: LHP Colby Saunders
Now at C: Chandler Hays
Batting: LHB Sage Emerson 0-0: Called Strike
0-1: Foul Ball, location: 2F
0-2: Ball
1-2: Ball
2-2: Ground out 4-3 (Groundball, 4D, EV 105.6 MPH)
Batting: RHB Wyatt Steinauer 0-0: Called Strike
0-1: Foul Ball, location: 2F
0-2: Ball
1-2: SINGLE (Flyball, 8LS, EV 96.9 MPH)
Pinch Hitting: RHB Orrin Perkins 0-0: Ball
1-0: Foul Ball, location: 2F
1-1: Ball
2-1: Ball
3-1: Swinging Strike
3-2: Fly out, F9 (Flyball, 9, EV 85.6 MPH)
Batting: RHB Mason Dvorak Pickoff Throw to First - Error! E1
Wyatt Steinauer to second
0-0: Swinging Strike
0-1: Called Strike
0-2: Ball
1-2: Strikes out swinging
Top of the 10th over - 0 runs, 1 hit, 1 error, 1 left on base; Los Angeles 3 - Denver 3
BOTTOM OF THE 10TH
Denver Bulls batting - Pitching for Los Angeles Dinos : RHP Tod Steffen
Now in CF: Cody Turner
Batting: SHB Sage Reinisch 0-0: Called Strike
0-1: Swinging Strike
0-2: Strikes out swinging
Batting: LHB Michael Hughes 0-0: Ball
1-0: Ball
2-0: Called Strike
2-1: Fly out, F8 (Flyball, 8LS, EV 83.1 MPH)
Batting: LHB Johnathan Wang 0-0: Called Strike
0-1: Called Strike
0-2: Ball
1-2: DOUBLE (Line Drive, 7LS, EV 96.9 MPH)
Batting: RHB James Wilson 0-0: Called Strike
0-1: Ball
1-1: Foul Ball, location: 2F
1-2: Ground out 5-3 (Groundball, 5, EV 86.2 MPH)
Bottom of the 10th over - 0 runs, 1 hit, 0 errors, 1 left on base; Los Angeles 3 - Denver 3
TOP OF THE 11TH
Los Angeles Dinos batting - Pitching for Denver Bulls : LHP Colby Saunders
Batting: LHB Elmer Nelson 0-0: Foul Ball, location: 2F
0-1: Ball
1-1: Foul Ball, location: 2F
1-2: Foul Ball, location: 2F
1-2: Strikes out swinging
Batting: RHB Cody Mancini 0-0: Foul Ball, location: 2F
0-1: Foul Ball, location: 2F
0-2: Ball
1-2: Strikes out looking
Batting: RHB Efren Zamora 0-0: Fly out, F8 (Line Drive, 8LM, EV 93.1 MPH)
Top of the 11th over - 0 runs, 0 hits, 0 errors, 0 left on base; Los Angeles 3 - Denver 3
BOTTOM OF THE 11TH
Denver Bulls batting - Pitching for Los Angeles Dinos : RHP Tod Steffen
Pitching: RHP Lucian Naito
Batting: RHB Dalton Brown 0-0: Called Strike
0-1: Ball
1-1: Called Strike
1-2: Ball
2-2: Foul Ball, location: 2F
2-2: Ground out U3 (Groundball, 34, EV 82.5 MPH)
Pitching: RHP Jamie Martino
Batting: SHB J.J. Evans 0-0: Ball
1-0: Foul Ball, location: 2F
1-1: SINGLE (Line Drive, 7LM, EV 101.9 MPH)
Batting: RHB Kelvin Knox 0-0: Ball
1-0: Ball
2-0: Foul Ball, location: 2F
2-1: Called Strike
2-2: Fly out, F8 (Flyball, 8RD, EV 84.4 MPH)
Batting: LHB Mandela Faruq 0-0: Ball
1-0: Called Strike
1-1: Called Strike
1-2: Ball
2-2: Ball
3-2: Base on Balls
J.J. Evans to second
Batting: RHB Chandler Hays 0-0: SINGLE (Line Drive, 4MD, EV 96.2 MPH)
J.J. Evans to third
Mandela Faruq to second
Runner from 3rd tries for Home, SAFE, throw by CF to home
Bottom of the 11th over - 1 run, 2 hits, 0 errors, 2 left on base; Los Angeles 3 - Denver 4
Tuesday, April 2nd , 2024 - OOTP Baseball 23.10 Build 110